← All builds
Tech / Armada / Economy first / OBSERVED BUILD

Standard tech

Armada Tech (Eco) build order · Supreme Isthmus

Rushes T2 factory and T2 constructor early, upgrades team mexes, and supplies the team with T2 constructors while transitioning into eco and defensive units.

Usually first T2 con to Geo (82%)

#t2 #eco #team support · 1786 distinct matches · 271 players · 59% of Armada Tech games · team won 54% of 2112 · Recently observed

HOW TO PLAY IT

Key timing: T2 factory by 4:15

  1. Open 3 mex and heavy wind to fund a fast T2 rush.
  2. Put down Bot Lab, planning to eat it for reclaim soon after.
  3. Get Advanced Bot Lab up, hitting the T2 factory rush timing.
  4. Upgrade mex to Advanced Metal Extractor to lock in team metal income.
  5. Eat Advanced Bot Lab and keep sending cons to Geo and Pond.

Phase by phase

TYPICAL OF ITS 1786 GAMES
  1. 1
  2. 2
  3. 3
  4. 4
PLAY THE OPENING

Follow the example game's first 6:00 step by step: what to build now, what comes next, and where it goes. At 1× it keeps pace with your own game.

  1. 1

    Up to the Bot Lab

    Economy
    • Metal Extractor3Mex
    • Wind Turbine4Wind
    Order
    1. Bot LabBot Lab after 3 mex, 4 winddone ~1:18, middle half 1:13–1:32

    Some games also: energy storage (32%)

    By 1:01 in all: 3 mex · 4 wind

    The example game in this phase · 3 steps
    1. Mex ×3
    2. Wind ×5
    3. Bot LabBot Labdone 1:21 · typical 1:18
  2. 2

    Bot Lab to Advanced Bot Lab

    Economy
    • Metal Extractor1Mex
    • Wind Turbine8Wind
    • Energy Storage1Energy storage
    Order
    1. Advanced Bot LabAdvanced Bot Lab after 4 mex, 12 wind, 3 con turretdone ~4:16, middle half 4:04–4:30
    Builders
    • Construction Turret3 Con turret
    • Lazarus3 Lazarus
    • Construction Bot2 Con bot
    • Construction Bot1 Con bot for allies

    Some games also: converter (36%)

    By 3:18 in all: 4 mex · 12 wind · 1 energy storage · 3 con turret

    The example game in this phase · 20 steps
    1. Wind
    2. Construction BotCon botfor Air
    3. LazarusLazarus
    4. Wind
    5. LazarusLazarus
    6. Wind ×3
    7. Mex
    8. Wind
    9. Construction BotCon bot
    10. Wind
    11. Con turret ×2
    12. Energy storage
    13. Wind ×4
    14. Con turret
    15. LazarusLazarus
    16. Wind ×2
    17. Converter
    18. Wind ×2
    19. Converter ×3
    20. Advanced Bot LabAdvanced Bot Labdone 4:17 · typical 4:16
  3. 3

    Advanced Bot Lab to 5:00

    Economy
    • Wind Turbine3Wind
    Order
    1. Bot LabEat Bot Lab
    Builders
    • Advanced Construction Bot1 T2 con bot for allies

    Some games also: converter (35%)

    By 5:00 in all: 4 mex · 15 wind · 1 converter · 1 energy storage · 3 con turret

    The example game in this phase · 6 steps
    1. Bot LabEat Bot Labreclaimed for its metal
    2. Advanced Construction BotT2 con botfor Geo
    3. Wind
    4. Advanced Metal ExtractorT2 mexdone 5:00 · typical 5:28
    5. Wind
    6. SharpshooterSniper botfor Ponddone 5:16
  4. 4

    5:00 to 10:00

    Economy
    • Wind Turbine43Wind
    • Energy Converter6Converter
    Builders
    • Butler9 Butler
    • Advanced Construction Bot4 T2 con bot for allies
    • Advanced Construction Bot1 T2 con bot

    Some games also: con turret (42%) · Butler for allies (36%)

    By 10:00 in all: 4 mex · 59 wind · 8 converter · 1 energy storage · 3 con turret

    The example game in this phase · 240 steps
    1. Wind
    2. Advanced Construction BotT2 con botfor Air
    3. Wind
    4. SharpshooterSniper botfor Pond
    5. Advanced Metal ExtractorT2 mex ×2
    6. Wind
    7. ButlerButlerfor Pond
    8. Wind ×2
    9. Advanced Construction BotT2 con botfor Geo sea
    10. ButlerButler
    11. Wind
    12. ButlerButler
    13. Wind
    14. ButlerButler
    15. Wind
    16. Converter ×2
    17. ButlerButler
    18. Converter ×2
    19. Advanced Construction BotT2 con botfor Beach sea
    20. Advanced Metal ExtractorT2 mex
    21. ButlerButler ×3for Geo sea
    22. Wind ×2
    23. ButlerButlerfor Geo sea
    24. Wind ×4
    25. Advanced Construction BotT2 con botfor Pond
    26. Wind ×5
    27. ButlerButler
    28. Wind ×3
    29. ButlerButler
    30. Wind
    31. Con turret
    32. Wind
    33. Converter
    34. Wind ×3
    35. ButlerButler
    36. Wind ×2
    37. Converter
    38. Wind ×3
    39. ButlerButler
    40. Wind ×3
    41. ButlerButler
    42. Wind ×2
    43. Converter
    44. Wind ×6
    45. Converter
    46. Wind ×2
    47. Converter
    48. Wind ×3
    49. Converter
    50. Wind
    51. ButlerButler
    52. Wind ×2
    53. Converter ×2
    54. Wind ×2
    55. ButlerButler
    56. Wind ×2
    57. Converter
    58. Wind
    59. Con turret
    60. Wind ×2
    61. Converter
    62. Wind ×3
    63. GhostGhost
    64. Wind
    65. Converter ×2
    66. Wind ×3
    67. GhostGhost
    68. Wind
    69. Converter ×2
    70. Con turret
    71. Wind ×4
    72. Converter
    73. Con turret
    74. Wind ×3
    75. Converter ×2
    76. Wind ×3
    77. Metal storage
    78. Converter
    79. Wind
    80. Converter
    81. Wind ×2
    82. Converter
    83. Wind ×7
    84. Converter
    85. Wind ×4
    86. Con turret
    87. Advanced Bot LabEat Advanced Bot Labreclaimed for its metal
    88. Wind
    89. Aircraft PlantAircraft Plantdone 11:16
    90. Wind ×2
    91. Con turret
    92. BlinkScout plane
    93. Wind
    94. Converter
    95. Wind
    96. Con turret
    97. Wind ×2
    98. BlinkScout plane
    99. Con turret
    100. Wind ×2
    101. Con turret
    102. BlinkScout plane
    103. Wind
    104. Con turret
    105. Wind ×2
    106. BlinkScout plane
    107. Converter
    108. BlinkScout plane
    109. Wind ×2
    110. FalconFighter
    111. Converter
    112. Wind
    113. FalconFighter
    114. Wind
    115. FalconFighter
    116. Wind
    117. FalconFighter
    118. Wind
    119. FalconFighter
    120. Con turret
    121. FalconFighter
    122. Wind ×2
    123. Construction AircraftCon aircraft
    124. Con turret
    125. Wind
    126. Con turret
    127. Wind ×2
    128. Converter
    129. Wind
    130. Aircraft PlantEat Aircraft Plantreclaimed for its metal
    131. Energy storage
    132. Converter
    133. Energy storage
    134. Wind ×2
    135. Converter ×2
    136. Wind ×3
    137. Con turret
    138. Wind
    139. Converter
    140. Wind ×2
    141. Converter
    142. Wind
    143. Converter
    144. Wind
    145. Converter
    146. Wind
    147. Converter
    148. Wind
    149. Converter
    150. Advanced Aircraft PlantAdvanced Aircraft Plantdone 12:58
    151. Wind ×3
    152. Converter ×2
    153. Wind ×4
    154. Converter
    155. Wind ×4
    156. Converter
    157. Wind
    158. Converter
    159. Wind ×2
    160. Converter
    161. Wind ×2
    162. Converter
    163. Wind
    164. Converter
    165. Wind
    166. LicheLichenot finished by 15:00
    167. Converter
    168. Wind ×2
    169. Converter
    170. Wind ×4
    171. Converter
    172. OracleOracle
    173. AbductorAbductorfor Suicide front
    174. Wind
    175. Converter
    176. Wind ×2
    177. Converter
    178. Wind ×5
    179. AbductorAbductor
    180. Wind ×3
    181. Converter ×2
    182. Wind ×2
    183. LicheLiche
    184. Wind ×2
    185. Converter
    186. Wind ×6
    187. Converter
    188. Wind ×2
    189. Converter
    190. Wind
    191. Converter
    192. Wind ×4
    193. TickTick
    194. ButlerButler
    195. TickTick
    196. Wind ×2
    197. TickTick
    198. Wind
    199. Converter
    200. Wind
    201. TickTick ×3
    202. Wind ×3
    203. Vehicle PlantVehicle Plantdone 14:29
    204. TickTick
    205. ButlerButler
    206. TickTick ×2
    207. Wind ×2
    208. ButlerButler
    209. Converter
    210. Wind ×8
    211. Converter
    212. Wind
    213. OracleOracle
    214. Wind ×2
    215. ButlerButler
    216. Wind ×2
    217. Converter
    218. Wind
    219. OracleOracle
    220. ButlerButler
    221. Wind ×2
    222. Construction VehicleCon vehicle
    223. Wind
    224. ButlerButler
    225. Converter
    226. AbductorAbductor
    227. Wind ×2
    228. ButlerButler
    229. Wind ×2
    230. AbductorAbductor
    231. ButlerButler
    232. Wind
    233. Converter
    234. Wind
    235. ButlerButler
    236. Wind ×3
    237. AbductorAbductor
    238. ButlerButler
    239. Wind ×2
    240. ButlerButler

Counts are medians over the build's games: half of them build more, half fewer. The example game is YogaBoy158497's (40 OS, 15/10/2026); pick another.

Team trades

IN AT LEAST 30% OF ITS GAMES

You hand over

  • Construction Bot1 Con bot to Airfirst at 2:23 · in 83% of games
  • Advanced Construction Bot5 T2 con bot to Air or Geo sea or Pondfirst at 4:51 · in 99% of games
  • Butler2 Butler to Geo sea or Beach sea or Pondfirst at 9:06 · in 42% of games

You get

  • Hercules1 Light transport from Airfirst at 4:01 · in 86% of games

How it plays out

Typical game of this build, running totals by minute

Metal produced

020k40k
0:005:0010:0015:00

metal

Enemy metal destroyed

050100
0:005:0010:0015:00

metal

Own metal lost

050100150
0:005:0010:0015:00

metal

2112 games.

Show as table
ByMetal produced: This buildEnemy metal destroyed: This buildOwn metal lost: This build
1:0038300
2:0091500
3:00165500
4:00314900
5:00484700
6:00580500
7:00724600
8:00908400
9:001121400
10:001354100
11:001625700
12:001967800
13:002346100
14:0027368074
15:003160391130
WHAT THE NUMBERS SAY

Standard Tech play barely fights at all early, instead pouring metal into T2 infrastructure and constructors for the team.

  • + Metal produced hits 31679 by 15:00, by far the highest of any role here.
  • + T2 factory reached in 97% of games by 4:15, fastest and most reliable T2 timing.
  • − Enemy metal destroyed stays at 0 through 10:00, no early offense at all.
  • − Own metal lost also near 0, showing total avoidance of combat risk.
THE EXAMPLE YOU ARE READING

YogaBoy158497

39.8 OS · 15/10/2026

Open source match ↗

151 received units · includes a constructor
2163 metal received · 99970 energy received

Allied construction assistance is unknown. Timings are observations, not a promise of solo reproducibility.

Typical milestones

Bot Lab1:18Middle 50%: 1:13–1:32 · n=2112
Advanced Bot Lab4:16Middle 50%: 4:04–4:30 · n=2105
Advanced Metal Extractor5:28Middle 50%: 5:05–5:58 · n=2108

Played most by

Amrissa97games of this buildTheGeneraI70games of this buildAdeus62games of this buildUncle_Cane60games of this buildCrouxy54games of this build